 Dungeon Crawl Stone Soup version 0.31-a0-705-ga145531891 (webtiles) character file.

Game seed: 4083938576008408893

7 runemasterragnar the Ruffian (level 1, 0/15 HPs)
             Began as a Demonspawn Shapeshifter on Sept 9, 2023.
             Slain by an adder (1 damage)
             ... on level 2 of the Dungeon.
             The game lasted 00:00:17 (143 turns).

runemasterragnar the Ruffian (DsSh)                  Turns: 143, Time: 00:00:17

Health: 0/15       AC:  2    Str: 20    XL:     1   Next: 83%
Magic:  1/1        EV: 12    Int: 11    God:
Gold:   7          SH:  0    Dex: 12    Spells: 0/0 levels left

rFire   . .          .
                       - Unarmed
rCold   . . .        (no shield)
rNeg    . . .        a - +0 animal skin
rPois   .            (helmet currently unavailable)
rElec   .            (cloak currently unavailable)
rCorr   .            (gloves currently unavailable)
SInv    .            (boots currently unavailable)
Will    .....        (no amulet)
Stlth   +            f - +6 ring of strength
HPRegen 0.22/turn    (no ring)
MPRegen 0.07/turn

%: no passive effects
@: beast-form
A: beast (slay +1)
a: Begin Untransformation


You were on level 2 of the Dungeon.
You were a hulking beast.
You visited 1 branch of the dungeon, and saw 2 of its levels.

You collected 7 gold pieces.

Inventory:

Armour
 a - a +0 animal skin (worn)
Jewellery
 f - a +6 ring of strength (left hand)
Talismans
 c - a beast talisman (active)
 d - a flux talisman
Scrolls
 e - a scroll of identify {unknown}
Potions
 b - a potion of lignification


   Skills:
 + Level 1.3 Fighting
 - Level 1.7 Dodging
 + Level 2.8 Unarmed Combat
 + Level 2.8 Shapeshifting


You couldn't memorise any spells.
You didn't know any spells.
Your spell library was empty.

Dungeon Overview and Level Annotations

Branches:
Dungeon (1/15)

Altars:


Message History

No target in view!
Found a spear.
No target in view!
Key pressed, stopping explore.
No target in view!
No target in view!
You now have 7 gold pieces.
You see here a +0 spear.
A quokka and an adder come into view.
There are monsters nearby!
A ball python comes into view.
Found a stone staircase leading down.
You hit the quokka.
You kill the quokka!
The adder bites you. x2
You miss the adder.
The ball python hisses angrily.
The adder closely misses you.
You hit the adder but do no damage. The adder bites you.
The ball python barely misses you. The ball python grabs you.
The ball python constricts you.
You are too injured to fight recklessly!
You are too injured to fight recklessly!
You escape the ball python's grasp.
The adder bites you.
You barely miss the adder. The adder bites you.
You hit the adder.
The adder is lightly wounded.
The adder misses you.
You hit the adder but do no damage.
The adder is lightly wounded.
The adder bites you.
* * * LOW HITPOINT WARNING * * *
You closely miss the adder. Your punch misses the adder.
The adder is lightly wounded.
The adder bites you.
* * * LOW HITPOINT WARNING * * *
You closely miss the adder.
The adder is lightly wounded.
The adder bites you.
You die...

##############
...).........#
.###########.##
.######.......#
.>.....#.###..#######
.######.#.......##..
..## #.##..#.##.#
...## #
#..#.##.####... †...#
#....hSS.....# ...##
####.##........ ..##
#.##.###..#. .##
..##.# ... .# #####.#
. ## #># #.# #.#


You could see an adder and a ball python.

Vanquished Creatures
  An endoplasm (D:2)
  A hobgoblin (D:2)
  2 jackals (D:2)
  A quokka (D:2)
5 creatures vanquished.

Notes
Turn   | Place    | Note
-------+----------+-------------------------------------------
     0 | D:1      | runemasterragnar the Demonspawn Shapeshifter began the
                  | quest for the Orb.
     0 | D:1      | Reached XP level 1. HP: 15/15 MP: 1/1
    28 | D:1      | You fall into a shaft and drop 1 floor!
   143 | D:2      | Slain by an adder

Illustrated notes

Levels and vault maps discovered:
D:1:      minmay_arrival_glassed_features, layout_loops_ring
D:2:      layout_loops_ring

Action                     || total
---------------------------++-------
  Melee: Unarmed           ||    23
 Armour: Animal skin       ||    13
  Dodge: Dodged            ||    13

Table legend: (Time is in decaauts)
 A = Elapsed time spent in this place.
 B = Non-inter-level travel time spent in this place.
 C = Inter-level travel time spent in this place.
 D = Time resting spent in this place.
 E = Time spent auto-exploring this place.
 F = Levels seen in this place.
 G = Mean time per level.
                   A        B        C        D        E       F      G
               +--------+--------+--------+--------+--------+-----+--------+
         Total |    141 |    141 |      0 |      0 |    100 |   2 |   70.5 |
       Dungeon |    141 |    141 |      0 |      0 |    100 |   2 |   70.5 |
               +--------+--------+--------+--------+--------+-----+--------+

Top non-repeatable levels by time:
     D:2: 113 daAuts
     D:1: 28 daAuts
